 Dungeon Crawl Stone Soup version 0.30-a0-439-g9e77e4d916 (webtiles) character file.

Game seed: 3473916546221841480

91208 Armakuni the Warrior (level 16, -5/141 HPs)
             Began as a Human Fighter on Dec 10, 2022.
             Was a High Priest of Vehumet.
             Slain by a salamander
             ... wielding a +3 halberd
              (7 damage)
             ... on level 1 of the Snake Pit.
             The game lasted 01:04:23 (23348 turns).

Armakuni the Warrior (Human Fighter)               Turns: 23348, Time: 01:04:24

Health: -5/141     AC: 21    Str: 17    XL:     16   Next: 49%
Magic:  0/30       EV: 18    Int: 17    God:    Vehumet [*****.]
Gold:   745        SH:  5    Dex: 20    Spells: 8/28 levels left

rFire   + . .      SeeInvis .    a - +9 quarterstaff (spect)
rCold   + + .      Faith    .    (shield currently unavailable)
rNeg    . . .      Spirit   +    z - +4 moon troll leather armour {Spirit, Regen++ MP+5}
rPois   .          Reflect  +    g - +1 helmet
rElec   .          Harm     .    l - +2 cloak {Stlth+}
rCorr   +          Rampage  .    B - +2 pair of gloves {infuse}
Will    +....                    (no boots)
Stlth   +++.......               H - amulet "Fausk" {Reflect Fly Dex+6 SH+5}
HPRegen 2.03/turn                J - ring of Insomnia {Drain rF+ rC++ rCorr Int+2}
MPRegen 0.22/turn                S - +4 ring of slaying

@: lethally poisoned (-5 -> -5), flying, studying Necromancy
A: iridescent scales 1, camouflage 1
a: Renounce Religion


You were on level 1 of the Snake Pit.
You worshipped Vehumet.
Vehumet was extremely pleased with you.
You visited 6 branches of the dungeon, and saw 25 of its levels.
You also visited: Gauntlet.

You collected 1909 gold pieces.
You spent 1164 gold pieces at shops.

Inventory:

Hand Weapons
 a - a +9 spectral quarterstaff (weapon)
 b - the +7 great mace of Fate {vamp, rC+ Int+4 Dex+3}
   (You bought it in a shop on level 2 of the Orcish Mines)

   It occasionally heals its wielder for a portion of the damage dealt when it
   wounds a living foe.
   Int:       It affects your intelligence (+4).
   Dex:       It affects your dexterity (+3).
   rC:        It protects you from cold.
Missiles
 q - 2 throwing nets (quivered)
 Q - 3 curare-tipped darts
Armour
 g - a +1 helmet (worn)
 l - a +2 cloak of stealth (worn)
 z - the +4 moon troll leather armour (worn) {Spirit, Regen++ MP+5}
   (You found it in a Gauntlet)

   MP:        It affects your magic capacity (+5).
   Regen:     It increases your rate of health regeneration.
 B - a +2 pair of gloves of infusion (worn)
Jewellery
 H - the amulet "Fausk" (around neck) {Reflect Fly Dex+6 SH+5}
   (You found it on level 7 of the Dungeon)

   [amulet of reflection]

   It reflects blocked missile attacks.
   Dex:       It affects your dexterity (+6).
   Fly:       It grants you flight.
   SH:        It affects your SH (+5).
 J - the ring of Insomnia (left hand) {Drain rF+ rC++ rCorr Int+2}
   (You found it in a Gauntlet)

   [ring of protection from fire]

   Int:       It affects your intelligence (+2).
   rF:        It protects you from fire.
   rC:        It greatly protects you from cold.
   rCorr:     It protects you from acid and corrosion.
   Drain:     It drains your maximum health when unequipped.
 N - the ring of Gajea {Dex+6 SInv}
   (You took it off a centaur on level 13 of the Dungeon)

   [ring of dexterity]

   Dex:       It affects your dexterity (+6).
   SInv:      It lets you see invisible.
 P - an amulet of faith
 S - a +4 ring of slaying (right hand)
Wands
 j - a wand of iceblast (24)
 k - a wand of digging (10)
 m - a wand of mindburst (5)
 p - a wand of polymorph (5)
 w - a wand of paralysis (9)
 x - a wand of flame (30)
 E - a wand of light (10)
Scrolls
 d - 9 scrolls of fear
 h - 2 scrolls of poison
 r - 7 scrolls of blinking
 s - a scroll of enchant armour
 t - 9 scrolls of teleportation
 y - 2 scrolls of vulnerability
 G - 2 scrolls of immolation
 I - 4 scrolls of noise
 K - 3 scrolls of identify
 L - a scroll of enchant weapon
 M - a scroll of brand weapon
Potions
 c - a potion of invisibility
 e - 5 potions of flight
 f - 3 potions of curing
 i - 3 potions of brilliance
 n - 6 potions of heal wounds
 o - 2 potions of resistance
 u - 3 potions of berserk rage
 A - 2 potions of might
 C - 9 potions of lignification
 D - 2 potions of magic
 F - 2 potions of haste
 O - 2 potions of mutation
Miscellaneous
 v - a condenser vane (inert)


   Skills:
 - Level 17.0 Fighting
 + Level 7.2(11.5) Maces & Flails
 - Level 13.9(14.6) Staves
 - Level 10.0 Armour
 - Level 10.0 Dodging
 - Level 3.0 Shields
 - Level 6.5 Spellcasting
 - Level 3.0 Conjurations
 - Level 2.0 Translocations
 - Level 3.0 Air Magic
 - Level 3.0 Poison Magic
 - Level 10.0 Evocations


You had 8 spell levels left.
You knew the following spells:

 Your Spells              Type           Power      Damage    Failure   Level
a - Apportation           Tloc           24%        N/A       6%          1
b - Blink                 Tloc           24%        N/A       10%         2
c - Mephitic Cloud        Conj/Pois/Air  15%        N/A       3%          3
d - Momentum Strike       Conj/Tloc      28%        3d8       2%          2
i - Irradiate             Conj/Tmut      5%         3d13      45%         5
m - Iskenderun's Mystic   Conj/Tloc      14%        2d5       13%         4
z - Necrotise             Necr           20%        1d5       14%         1
S - Sublimation of Blood  Necr           5%         N/A       22%         2

Your spell library contained the following spells:

 Spells                   Type           Power      Damage    Failure   Level
 Eringya's Noxious Bog    Tmut/Pois      5%         N/A       94%         6
 Magic Dart               Conj           60%        1d6       1%          1
 Searing Ray              Conj           30%        2d5       1%          2
 Dazzling Flash           Conj/Hex       20%        N/A       6%          3
 Stone Arrow              Conj/Erth      20%        3d8       6%          3
 Beastly Appendage        Tmut           10%        N/A       14%         1
 Summon Small Mammal      Summ           20%        N/A       14%         1
 Gell's Gravitas          Tloc           12%        N/A       19%         3
 Lesser Beckoning         Tloc           24%        N/A       19%         3
 Teleport Other           Tloc           12%        N/A       19%         3
 Fulminant Prism          Conj/Hex       5%         3d7       19%         4
 Wereblood                Tmut           5%         N/A       22%         2
 Spider Form              Tmut/Pois      10%        N/A       22%         3
 Call Canine Familiar     Summ           5%         N/A       38%         3
 Summon Guardian Golem    Hex/Summ       5%         N/A       38%         3
 Fireball                 Conj/Fire      5%         3d5       45%         5
 Lee's Rapid Deconstruct  Erth           2%         3d5*      65%         5
 Yara's Violent Unravell  Hex/Tmut       2%         3d3       65%         5
 Animate Armour           Summ/Erth      10%        N/A       80%         4
 Leda's Liquefaction      Hex/Erth       2%         N/A       80%         4
 Petrify                  Tmut/Erth      5%         N/A       80%         4
 Conjure Ball Lightning   Conj/Air       7%         3x3d6     80%         6
 Alistair's Intoxication  Tmut/Pois      6%         N/A       91%         5
 Iron Shot                Conj/Erth      5%         9d2       94%         6
 Starburst                Conj/Fire      5%         6d4       94%         6
 Blade Hands              Tmut           2%         N/A       98%         5
 Borgnjor's Vile Clutch   Necr/Erth      2%         N/A       98%         5
 Metabolic Englaciation   Hex/Ice        2%         N/A       98%         5
 Statue Form              Tmut/Erth      3%         N/A       100%        6
 Enfeeble                 Hex            2%         N/A       100%        7
 Summon Hydra             Summ           2%         N/A       100%        7
 Discord                  Hex            2%         N/A       100%        8
 Disjunction              Tloc           6%         N/A       100%        8


Dungeon Overview and Level Annotations

Branches:
Dungeon (15/15)            Temple (1/1) D:7            Lair (5/5) D:10
 Shoals (0/4) Lair:3        Snake (1/4) Lair:3        Slime (0/5) Lair:4
    Orc (2/2) D:9             Elf (0/3) Orc:2        Vaults (0/5) D:14
 Depths (1/4) D:15        Gauntlet (visited)

Altars:
Ashenzari
Cheibriados
Dithmenos
Elyvilon
Fedhas
Gozag
Hepliaklqana
Kikubaaqudgha
Makhleb
Nemelex Xobeh
Okawaru
Qazlal
Ru
Sif Muna
Trog
Uskayaw
Vehumet
Wu Jian
Xom
Yredelemnul
Zin
The Shining One
Jiyva

Shops:
D:9 :*   Orc:2 :(==


Innate Abilities, Weirdness & Mutations

You are partially covered in iridescent scales. (AC +2)
Your skin changes colour to match your surroundings (Stealth+).


Message History

Vehumet accepts your kill.
You feel sick.
The naga warrior roars a battlecry!
The nagas go into a battle-frenzy!
The salamander hits you with a +3 halberd!
You are engulfed in flames.
You resist.
Okay, then.
Clouds of poison gas condense around you!
The condenser dries out!
You feel sick. The guardian serpent hits you!
The naga warrior hits you with a +0 dire flail!!!
* * * LOW HITPOINT WARNING * * *
The naga warrior grabs you. The naga warrior constricts you.
* * * LOW HITPOINT WARNING * * *
The salamander is engulfed in poison gas.
The salamander is poisoned.
The salamander hits you with a +3 halberd.
* * * LOW HITPOINT WARNING * * *
You are engulfed in flames!
You resist.
* * * LOW HITPOINT WARNING * * *
The naga warrior shouts!
You feel much better.
You feel sick. The guardian serpent misses you.
The naga warrior closely misses you. The naga warrior constricts you.
* * * LOW HITPOINT WARNING * * *
The salamander is engulfed in poison gas.
The salamander looks even sicker.
The salamander hits you with a +3 halberd!
* * * LOW HITPOINT WARNING * * *
You are engulfed in flames.
You resist.
* * * LOW HITPOINT WARNING * * *
You escape the naga warrior's grasp.
You feel sick.
The guardian serpent closely misses you.
The guardian serpent hits you.
* * * LOW HITPOINT WARNING * * *
The naga warrior barely misses you. The naga warrior closely misses you.
The salamander is engulfed in poison gas.
The salamander looks even sicker.
The salamander hits you from afar with a +3 halberd!
* * * LOW HITPOINT WARNING * * *
You are engulfed in flames!
You resist.
You die...

#..............
#..............
#..............
#..............
#........†.....
#....§§§........
#....§§§........
#..§§S§§........
#..§N.@.........
#..§NN§§........
#..§§§§§........
#....§§§........
#...............
#.......).......
#...............
#...............
#...............


You could see 2 naga warriors, a salamander (strong, very poisoned) and a
guardian serpent.

Vanquished Creatures
  Jorgrun (D:12)
  Frances (D:14)
  A dire elephant (Gauntlet)
  A minotaur (Gauntlet)
  2 ettins
  A yaktaur captain (D:14)
  Erolcha (Orc:1)
  2 hydras
  An ogre mage (D:13)
  6 centaur warriors
  7 two-headed ogres
  12 death yaks
  A catoblepas (Lair:3)
  4 boulder beetles
  A vampire mage (D:15)
  Urug (Lair:1)
  An orc high priest (Orc:2)
  A naga sharpshooter (Snake:1)
  2 shock serpents (Snake:1)
  7 skeletal warriors
  A spark wasp zombie (D:15)
  An orc knight (D:15)
  2 deep elf pyromancers (D:14)
  A necromancer (D:15)
  2 sphinx zombies (D:15)
  5 orc sorcerers
  2 oklob plants
  14 ugly things
  3 cyclopes
  A naga mage (Snake:1)
  18 elephants
  5 black mambas
  Joseph (Lair:1)
  A gargoyle (D:11)
  A torpor snail (Lair:2)
  9 cane toads
  2 kobold demonologists
  2 unseen horrors
  2 yaktaurs (D:14)
  A rime drake (Lair:4)
  8 komodo dragons
  A freezing wraith (D:15)
  2 tengu conjurers (D:12)
  A guardian mummy (D:15)
  6 trolls
  3 meliai (Gauntlet)
  A polar bear (Lair:4)
  8 blink frogs
  3 slime creatures (D:12)
  A hornet (D:7)
  A blink frog (shapeshifter) (D:6)
  7 dream sheep (Lair:5)
  A centaur simulacrum (D:14)
  Eustachio (D:4)
  4 wraiths
  A wyvern (D:8)
  A vampire (D:12)
  2 shadows (D:11)
  40 yaks
  2 fire elementals (Lair:5)
  2 vampire mosquitoes (D:14)
  7 basilisks
  Edmund (D:4)
  Menkaure (D:4)
  5 nagas
  2 wargs
  5 acid dragons
  4 swamp worms (Lair:4)
  A tengu skeleton (D:15)
  11 water moccasins
  Duvessa (D:4)
  2 ice beasts
  22 orc warriors
  4 black bears
  A sky beast (D:6)
  8 ogres
  30 wolves (Lair:2)
  17 centaurs
  A phantom (D:5)
  A gnoll sergeant (D:6)
  7 bullfrogs
  2 necrophages (D:7)
  3 scorpions
  12 wights
  Dowan (D:4)
  10 killer bees
  7 howler monkeys
  A hound (D:5)
  5 jellies
  29 orc priests
  Crazy Yiuf (D:6)
  5 gnoll boudas
  3 iguanas
  Natasha (thrice) (D:4)
  37 orc wizards
  32 gnolls
  9 adders
  A shadow imp (D:5)
  2 white imps
  2 ufetubi (D:5)
  A worm (D:2)
  2 dart slugs
  66 orcs
  10 ball pythons
  6 endoplasms
  5 giant cockroaches
  11 goblins
  10 hobgoblins
  12 jackals
  3 quokkas
  5 bats
  6 frilled lizards
  9 kobolds
  5 rats
  6 briar patches (Lair:4)
677 creatures vanquished.

Vanquished Creatures (others)
  24 fungi
  60 plants
  A withered plant (D:15)
85 creatures vanquished.

Grand Total: 762 creatures vanquished

Notes
Turn   | Place    | Note
-------+----------+-------------------------------------------
     0 | D:1      | Armakuni the Human Fighter began the quest for the Orb.
     0 | D:1      | Reached XP level 1. HP: 18/18 MP: 1/1
    74 | D:1      | Reached skill level 1 in Staves
   127 | D:1      | Reached XP level 2. HP: 23/24 MP: 2/2
   463 | D:1      | Reached XP level 3. HP: 29/29 MP: 3/3
   922 | D:2      | Reached XP level 4. HP: 23/34 MP: 4/4
  1043 | D:2      | Gained mutation: Your spells are a little easier to cast,
                  | but a little less powerful. [potion of mutation]
  1043 | D:2      | Gained mutation: You are partially covered in iridescent
                  | scales. (AC +2) [potion of mutation]
  1043 | D:2      | Gained mutation: Your skin changes colour to match your
                  | surroundings (Stealth+). [potion of mutation]
  1043 | D:2      | Lost mutation: Your spells are a little easier to cast, but
                  | a little less powerful. [potion of mutation]
  1447 | D:2      | Reached XP level 5. HP: 41/41 MP: 5/5
  1644 | D:2      | Found an ornate altar of the Wu Jian Council.
  2253 | D:3      | Reached skill level 5 in Staves
  2405 | D:3      | Reached XP level 6. HP: 42/47 MP: 6/6
  2486 | D:3      | Found a stormy altar of Qazlal.
  2722 | D:4      | Noticed Natasha
  2925 | D:4      | Noticed Edmund
  2947 | D:4      | Killed Natasha
  2968 | D:4      | Noticed Duvessa
  2968 | D:4      | Noticed Dowan
  2980 | D:4      | Killed Duvessa
  2990 | D:4      | Killed Dowan
  2991 | D:4      | Reached XP level 7. HP: 31/52 MP: 7/7
  3148 | D:4      | Noticed Eustachio
  3180 | D:4      | Noticed Natasha
  3180 | D:4      | Killed Eustachio
  3190 | D:4      | Killed Natasha
  3323 | D:4      | Noticed Menkaure
  3387 | D:4      | Killed Edmund
  3388 | D:4      | Reached XP level 8. HP: 58/58 MP: 8/8
  3575 | D:4      | Killed Menkaure
  4197 | D:4      | Noticed Natasha
  4237 | D:4      | Killed Natasha
  4394 | D:5      | Entered Level 5 of the Dungeon
  4672 | D:5      | Found a sparkling altar of Nemelex Xobeh.
  4672 | D:5      | Found a glowing silver altar of Zin.
  4797 | D:5      | Found a radiant altar of Vehumet.
  4869 | D:5      | Reached skill level 10 in Staves
  5043 | D:5      | Reached XP level 9. HP: 63/63 MP: 9/9
  5735 | D:5      | Became a worshipper of Vehumet
  5952 | D:5      | HP: 2/63 [acid dragon/splash of acid (29)]
  6256 | D:6      | Found a runed translucent door.
  6257 | D:6      | Noticed Crazy Yiuf
  6302 | D:6      | Found a glowing drain.
  6344 | D:6      | Killed Crazy Yiuf
  6532 | D:6      | Reached skill level 4 in Fighting
  6554 | D:6      | a shapeshifter changed into a blink frog
  6554 | D:6      | Noticed a blink frog (shapeshifter)
  6572 | D:6      | Killed a blink frog
  6573 | D:6      | Reached skill level 5 in Fighting
  6905 | D:6      | Found an ornate altar of the Wu Jian Council.
  7035 | D:6      | Learned a level 2 spell: Momentum Strike
  7038 | D:6      | Learned a level 2 spell: Blink
  7126 | D:6      | Noticed a kobold demonologist
  7132 | D:6      | Killed a kobold demonologist
  7133 | D:6      | Reached skill level 1 in Spellcasting
  7133 | D:6      | Reached skill level 1 in Conjurations
  7133 | D:6      | Reached skill level 1 in Translocations
  7133 | D:6      | Reached XP level 10. HP: 76/76 MP: 9/11
  7234 | D:6      | Found a burning altar of Makhleb.
  7238 | D:6      | Learned a level 2 spell: Sublimation of Blood
  7268 | D:7      | Found a shimmering altar of Xom.
  7368 | D:7      | Found a white marble altar of Elyvilon.
  7435 | D:7      | Found a blossoming altar of Fedhas.
  7444 | D:7      | Reached * piety under Vehumet
  7444 | D:7      | Offered knowledge of Shock by Vehumet.
  7445 | D:7      | Reached skill level 1 in Dodging
  7457 | D:7      | Identified the amulet "Fausk" {Reflect Fly Dex+6 SH+5}
  7976 | D:7      | Found a staircase to the Ecumenical Temple.
  7982 | Temple   | Entered the Ecumenical Temple
  8139 | D:8      | You fall into a shaft and drop 2 floors!
  8139 | D:10     | Entered Level 10 of the Dungeon
  8159 | D:10     | Noticed an unseen horror
  8180 | D:10     | Killed an unseen horror
  8181 | D:10     | Reached skill level 5 in Armour
  8307 | D:9      | Reached ** piety under Vehumet
  8313 | D:9      | Offered knowledge of Scorch by Vehumet.
  8340 | D:9      | Reached skill level 5 in Dodging
  8467 | D:9      | Found Jesiddax's Self-Improvement Boutique.
  8513 | D:9      | Reached skill level 6 in Fighting
  8764 | D:9      | Found Wojakhig's Assorted Antiques.
  8797 | D:9      | Noticed a centaur warrior
  8807 | D:9      | Killed a centaur warrior
  8808 | D:9      | Reached skill level 7 in Fighting
  8808 | D:9      | Reached XP level 11. HP: 62/84 MP: 14/14
  8884 | D:9      | Found a staircase to the Orcish Mines.
  9109 | D:8      | Reached skill level 8 in Fighting
  9233 | D:8      | Found a hazy altar of Hepliaklqana.
  9711 | D:9      | Reached skill level 9 in Fighting
  9717 | D:9      | Offered knowledge of Mephitic Cloud by Vehumet.
  9722 | D:9      | Learned a level 3 spell: Mephitic Cloud
  9857 | D:10     | Reached skill level 1 in Air Magic
  9857 | D:10     | Reached skill level 1 in Poison Magic
  9905 | D:10     | Reached *** piety under Vehumet
 10044 | D:10     | Found an iron altar of Okawaru.
 10190 | D:10     | Noticed a two-headed ogre
 10213 | D:10     | Killed a two-headed ogre
 10329 | D:10     | Found an ancient bone altar of Kikubaaqudgha.
 10358 | D:10     | Found a staircase to the Lair.
 10565 | D:10     | Reached skill level 1 in Evocations
 10672 | D:10     | Found a snail-covered altar of Cheibriados.
 10724 | D:9      | Noticed a skeletal warrior
 10758 | D:9      | Killed a skeletal warrior
 10910 | Lair:1   | Entered Level 1 of the Lair of Beasts
 11041 | Lair:1   | Offered knowledge of Fulminant Prism by Vehumet.
 11042 | Lair:1   | Reached XP level 12. HP: 66/95 MP: 16/16
 11047 | Lair:1   | Reached skill level 5 in Evocations
 11052 | Lair:1   | Noticed Joseph
 11079 | Lair:1   | Noticed Urug
 11107 | Lair:1   | Killed Joseph
 11130 | Lair:1   | Killed Urug
 12152 | Lair:2   | Noticed a five-headed hydra
 12155 | Lair:2   | Noticed a boulder beetle
 12159 | Lair:2   | Killed a five-headed hydra
 12173 | Lair:2   | Killed a boulder beetle
 12261 | Lair:2   | Reached skill level 10 in Evocations
 12291 | Lair:2   | Reached **** piety under Vehumet
 12298 | Lair:2   | Offered knowledge of Kindle Blastsparks by Vehumet.
 12569 | Lair:2   | Reached XP level 13. HP: 101/101 MP: 17/17
 13042 | Lair:2   | Reached skill level 10 in Fighting
 13776 | Lair:2   | Reached ***** piety under Vehumet
 13859 | Lair:3   | Offered knowledge of Spellforged Servitor by Vehumet.
 13873 | Lair:3   | Found a staircase to the Shoals.
 14073 | Lair:3   | Noticed a catoblepas
 14086 | Lair:3   | Killed a catoblepas
 14161 | Lair:3   | Found a staircase to the Snake Pit.
 14376 | Lair:3   | Reached XP level 14. HP: 91/110 MP: 18/18
 14807 | Lair:3   | Learned a level 1 spell: Necrotise
 15334 | Lair:3   | Learned a level 1 spell: Apportation
 15397 | Lair:4   | Found a transporter.
 15469 | Lair:4   | Found a transporter.
 15922 | Lair:4   | Found a viscous altar of Jiyva.
 15922 | Lair:4   | Found a staircase to the Slime Pits.
 16460 | Lair:5   | Entered Level 5 of the Lair of Beasts
 16565 | Lair:5   | Found a gate leading to a gauntlet.
 16577 | Gauntlet | Entered a Gauntlet
 16577 | Gauntlet | Found a transporter.
 16582 | Gauntlet | Noticed a dire elephant
 16586 | Gauntlet | Found a transporter.
 16604 | Gauntlet | Found a transporter.
 16607 | Gauntlet | Found a transporter.
 16629 | Gauntlet | Found a transporter.
 16642 | Gauntlet | Found a transporter.
 16656 | Gauntlet | Found a transporter.
 16683 | Gauntlet | Found a transporter.
 16683 | Gauntlet | Found a transporter.
 16689 | Gauntlet | Found a transporter.
 16712 | Gauntlet | Found a transporter.
 16716 | Gauntlet | Found a transporter.
 16785 | Gauntlet | Killed a dire elephant
 16796 | Gauntlet | Offered knowledge of Irradiate by Vehumet.
 16805 | Gauntlet | Learned a level 5 spell: Irradiate
 16812 | Gauntlet | Identified the amulet "Wozazif" {Faith *Slow +Blink rC++
                  | Dex+4}
 16895 | Gauntlet | Identified the ring of Insomnia {Drain rF+ rC++ rCorr
                  | Int+2}
 16964 | Gauntlet | Found the +4 moon troll leather armour {Spirit, Regen++
                  | MP+5}
 16964 | Gauntlet | Found the +3 robe of Clouds {*Thunder rCloud rElec}
 16964 | Gauntlet | Noticed a minotaur
 16978 | Gauntlet | Killed a minotaur
 17004 | Gauntlet | Got Esiseap's Vellum of Transmogrification
 17007 | Gauntlet | Got Sif Muna's Dissertation on Conflagrant Bedrock
 17107 | Lair:5   | Reached skill level 10 in Dodging
 17110 | Lair:5   | Reached skill level 10 in Armour
 17127 | Lair:5   | Learned a level 4 spell: Iskenderun's Mystic Blast
 17710 | D:11     | Reached skill level 11 in Fighting
 17778 | D:11     | Found a glowing golden altar of the Shining One.
 17832 | D:11     | Identified the +8 war axe of Unpleasantness {vamp, MP+9}
 18218 | Orc:1    | Entered Level 1 of the Orcish Mines
 18249 | Orc:1    | Noticed Erolcha
 18257 | Orc:1    | Killed Erolcha
 18436 | Orc:1    | Reached skill level 12 in Fighting
 18443 | Orc:1    | Reached XP level 15. HP: 110/120 MP: 17/21
 18495 | Orc:1    | Paralysed by an orc sorcerer for 5 turns
 18763 | Orc:2    | Entered Level 2 of the Orcish Mines
 18763 | Orc:2    | Found a staircase to the Elven Halls.
 19119 | Orc:2    | Reached skill level 13 in Fighting
 19131 | Orc:2    | Offered knowledge of Orb of Destruction by Vehumet.
 19192 | Orc:2    | Reached skill level 14 in Fighting
 19297 | Orc:2    | Found Vonun's Weapon Shoppe.
 19297 | Orc:2    | Found Riuro's Jewellery Emporium.
 19297 | Orc:2    | Found Reimioki's Jewellery Emporium.
 19308 | Orc:2    | Found Sysedy's Book Shoppe.
 19636 | Orc:2    | Bought the +7 great mace of Fate {vamp, rC+ Int+4 Dex+3}
                  | for 1164 gold pieces
 19903 | D:12     | Reached skill level 15 in Fighting
 20264 | D:12     | Found a hide-covered altar of Uskayaw.
 20358 | D:13     | Noticed Jorgrun
 20421 | D:12     | Killed Jorgrun
 20422 | D:12     | Reached skill level 16 in Fighting
 21025 | D:13     | Identified the ring of Gajea {Dex+6 SInv}
 21215 | D:13     | Offered knowledge of Eringya's Noxious Bog by Vehumet.
 21373 | D:14     | Reached skill level 17 in Fighting
 21430 | D:14     | Reached skill level 5 in Spellcasting
 21432 | D:14     | Found a gate to the Vaults.
 21462 | D:14     | Reached XP level 16. HP: 125/141 MP: 24/24
 21667 | D:14     | Noticed Frances
 21679 | D:14     | Killed Frances
 21732 | D:14     | Identified the +0 robe "Hero's Friend" {Int+4}
 21956 | D:15     | Entered Level 15 of the Dungeon
 22068 | D:15     | Found a staircase to the Depths.
 22182 | D:15     | Reached skill level 5 in Maces & Flails
 22993 | Depths:1 | Entered Level 1 of the Depths
 22993 | Depths:1 | Noticed a fire giant
 23287 | Snake:1  | Entered Level 1 of the Snake Pit
 23348 | Snake:1  | HP: 2/141 [salamander/+3 halberd (8)]
 23348 | Snake:1  | Slain by a salamander

Illustrated notes

Levels and vault maps discovered:
D:1:      zaba_arrival_water, layout_basic, minivault_5
D:2:      minmay_thinvault, layout_basic, basic_altar, minmay_liquid_box
D:3:      layout_basic, nicolae_qazlal_general_emergency
D:4:      layout_loops_corners, serial_co_window_serial, co_window_cross_1,
          co_window_paths_a, co_window_of_opportunity_a, co_window_paths_b,
          co_window_corner_a, co_window_paths_a, co_window_paths_a,
          co_window_paths_b, co_window_corner_a, co_window_unsneaky_path_e,
          co_window_corner_ca, co_window_paths_c, co_window_broadway_b,
          co_window_paths_e, glass_columns_a, glass_columns_b, glass_columns_a,
          glass_columns_a, glass_columns_c, uniq_eustachio, uniq_edmund,
          uniq_natasha, uniq_menkaure, uniq_duvessa
D:5:      layout_basic, mainiacjoe_overflow_alcove_4,
          gammafunk_temple_overflow_statue, moated_statue,
          minmay_misc_feat_encased, hangedman_decor_points, serial_bayou_pond_a,
          minivault_23, dk_rats_in_the_wall
D:6:      layout_cave_pods, mainiacjoe_overflow_cross_hatched,
          lightli_temple_of_fire, cheibrodos_sewer_entry_drain,
          uniq_crazy_yiuf_cottage
D:7:      layout_rooms, brannock_xom_greatest_gift, lemuel_round_altar,
          fedhas_altar_1, minmay_temple_entry_fiery
D:8:      layout_basic, nicolae_hepliaklqana_hippocampus,
          hangedman_decor_slide_cut
D:9:      minmay_diamond_stairs, layout_basic, serial_shops,
          nicolae_shop_advertising_works [nicolae_subvault_shop_adworks],
          nicolae_shop_self_help
D:10:     layout_small_grid, lemuel_round_altar, okawaru_gym_becter,
          kennysheep_slug_shrine, grunt_lair_entry_orc_guard_hut
D:11:     layout_cave_pools, nicolae_sextant, tso_oasis_becter
D:12:     layout_gridville, nicolae_uskayaw_murder_on_the_dancefloor
D:13:     layout_loops_ring, uniq_jorgrun
D:14:     layout_big_octagon, david_vaults_2, corexii_hall_statues_deadend,
          minivault_12, uniq_frances
D:15:     gammafunk_depths_entry_grave, layout_irregular_city,
          serial_bayou_pond_c
Temple:   nicolae_temple_ecumenical_triangle
Lair:1:   layout_gridlike, uniq_joseph, uniq_urug
Lair:2:   layout_regular_city, hangedman_lair_unloving_vines,
          grunt_forest_large_clearings
Lair:3:   layout_gridlike, shoals_dummy_entry,
          minmay_snake_entry_guardpost_small
Lair:4:   gammafunk_worm_tunnel, layout_big_grid, dpeg_slime_entry_enclosed,
          lemuel_fruit_fields
Lair:5:   grunt_lair_end_beastmaster, layout_gridlike, gauntlet_entry_generic
Snake:1:  layout_grid_maze, st_stairs_4, minmay_shop_grove, grunt_megastairs_3
Orc:1:    layout_caves, uniq_erolcha
Orc:2:    st_orc_mages, layout_diamond_mine, nicolae_orc_pool_cavern
Depths:1: layout_gridlike, hell_entry, grunt_dithmenos_smoke_and_mirrors,
          firewood_loft, serial_bayou_shore_a, minmay_shoptagon,
          kennysheep_random_hallway

Skill      XL: |  1  2  3  4  5  6  7  8  9 10 11 12 13 14 15 16 |
---------------+-------------------------------------------------+-----
Staves         | 1 2 3 4 5 6 8 10 11 12 13 | 13.9
Fighting       | 5 7 9 10 12 17 | 17.0
Spellcasting   | 1 2 3 4 5 6 |  6.5
Conjurations   | 1 2 3 |  3.0
Translocations | 1 2 |  2.0
Dodging        | 5 7 10 | 10.0
Armour         | 5 7 10 | 10.0
Air Magic      | 3 |  3.0
Poison Magic   | 3 |  3.0
Evocations     | 4 10 | 10.0
Maces & Flails | 7 |  7.2
Shields        | |  3.0

Action                   |  1- 3 |  4- 6 |  7- 9 | 10-12 | 13-15 | 16-18 || total
-------------------------+-------+-------+-------+-------+-------+-------++-------
Melee: Flail             |    89 |   217 |   319 |       |       |       ||   625
       Quarterstaff      |       |       |    73 |   652 |   711 |   146 ||  1582
Throw: Throwing net      |       |       |     4 |     1 |     1 |       ||     6
 Cast: Momentum Strike   |       |       |       |     2 |     1 |       ||     3
       Mephitic Cloud    |       |       |       |     1 |       |       ||     1
       Necrotise         |       |       |       |       |     7 |       ||     7
Evoke: Wand              |       |       |     1 |    10 |     7 |     2 ||    20
       Condenser vane    |       |       |       |     1 |     5 |     1 ||     7
  Use: Scroll            |       |     7 |     3 |    13 |    10 |       ||    33
       Potion            |       |     3 |     4 |     7 |       |     1 ||    15
 Stab: Sleeping          |       |       |     3 |     6 |    11 |     1 ||    21
       Confused          |       |       |       |     1 |       |       ||     1
       Invisible         |       |       |       |    12 |       |       ||    12
       Distracted        |       |       |       |     3 |    15 |     3 ||    21
Armor: Scale mail        |    47 |   120 |    19 |       |       |       ||   186
       Ring mail         |       |       |   183 |    53 |       |       ||   236
       Acid dragon scale |       |       |       |   178 |    81 |       ||   259
       Troll leather arm |       |       |       |       |   118 |    30 ||   148
Dodge: Dodged            |    46 |    92 |   194 |   283 |   337 |    67 ||  1019
Block: Buckler           |    20 |    90 |   197 |       |       |       ||   307
       Reflection        |       |     1 |     2 |     3 |    10 |     2 ||    18
       Other             |       |       |     7 |   123 |   109 |    20 ||   259

Table legend: (Time is in decaauts)
 A = Elapsed time spent in this place.
 B = Non-inter-level travel time spent in this place.
 C = Inter-level travel time spent in this place.
 D = Time resting spent in this place.
 E = Time spent auto-exploring this place.
 F = Levels seen in this place.
 G = Mean time per level.
                   A        B        C        D        E       F      G
               +--------+--------+--------+--------+--------+-----+--------+
         Total |  22938 |  21496 |   1442 |   2802 |  13468 |  26 |  882.2 |
       Dungeon |  14948 |  13988 |    960 |   1518 |   9165 |  15 |  996.5 |
        Temple |     32 |     32 |      0 |      0 |     23 |   1 |   32.0 |
          Lair |   6034 |   5605 |    429 |   1159 |   3128 |   5 | 1206.8 |
     Snake Pit |     55 |     55 |      0 |      2 |     14 |   1 |   55.0 |
  Orcish Mines |   1421 |   1370 |     51 |     57 |    925 |   2 |  710.5 |
        Depths |      4 |      4 |      0 |      0 |      0 |   1 |    4.0 |
      Gauntlet |    439 |    439 |      0 |     66 |    213 |   1 |  439.0 |
               +--------+--------+--------+--------+--------+-----+--------+

Top non-repeatable levels by time:
  Lair:2: 1900 daAuts
     D:4: 1771 daAuts
     D:5: 1682 daAuts
     D:2: 1319 daAuts
  Lair:4: 1286 daAuts
  Lair:1: 1281 daAuts
  Lair:3: 1265 daAuts
    D:10: 1245 daAuts
     D:6: 1123 daAuts
    D:15: 1103 daAuts
     D:9: 989 daAuts
     D:1: 910 daAuts
   Orc:2: 882 daAuts
    D:13: 799 daAuts
     D:8: 751 daAuts
